 Dungeon Sprint DCSS version 0.24.1-14-gf8d2b509d9 (webtiles) character file.

Game seed: 3015198847812479738, levelgen mode: deterministic

992 Chiseanne the Covert (level 7, -7/50 HPs)
             Began as a Demonspawn Assassin on June 2, 2020.
             Was an Initiate of Fedhas.
             Mangled by a deep troll (16 damage)
             ... in the Dungeon (Sprint I: "Red Sonja").
             The game lasted 00:02:47 (347 turns).

Chiseanne the Covert (Demonspawn Assassin)           Turns: 347, Time: 00:02:48

Health: -7/50      AC:  6    Str: 16    XL:     7   Next: 98%
Magic:  7/7        EV: 20    Int: 13    God:    Fedhas [......]
Gold:   606        SH:  0    Dex: 16    Spells: 6/6 levels left

rFire    + . .     SeeInvis .   a - +3 dagger (venom)
rCold    . . .     Gourm    .   (no shield)
rNeg     . . .     Faith    .   n - +1 robe {rF+}
rPois    .         Spirit   .   (no helmet)
rElec    .         Reflect  .   c - +0 cloak
rCorr    .         Harm     .   (no gloves)
MR       .....     NoTele   +   (no boots)
Stlth    ++++++....             (no amulet)
HPRegen  0.16/turn              (no ring)
MPRegen  0.10/turn              (no ring)

@: mighty
A: molten scales 1, nightstalker 1, powered by pain 2
a: Renounce Religion


You were in the Dungeon.
You worshipped Fedhas.
Fedhas was noncommittal.
You were not hungry.

You visited 1 branch You collected 606 gold pieces.

Inventory:

Hand Weapons
 a - a +3 dagger of venom (weapon)
Missiles
 d - 8 poisoned darts (quivered)
 e - 8 curare-tipped darts
 o - 17 arrows
Armour
 c - a +0 cloak (worn)
 n - a +1 robe of fire resistance (worn)
Scrolls
 l - a scroll of blinking
Potions
 b - 2 potions of resistance {unknown}
 g - 3 potions of curing
 i - a potion of haste
 j - 2 potions of magic
 k - a potion of berserk rage
 m - a potion of might {unknown}
 p - a potion of lignification {unknown}
Comestibles
 f - a ration


   Skills:
 - Level 2.0 Fighting
 + Level 7.4 Short Blades
 - Level 1.7 Throwing
 * Level 10.2 Dodging
 * Level 11.5 Stealth


You had 6 spell levels left.
You didn't know any spells.
Your spell library was empty.

Dungeon Overview and Level Annotations

Branches:
Dungeon (1/1)

Altars:
Cheibriados
Dithmenos
Elyvilon
Fedhas
Gozag
Hepliaklqana
Kikubaaqudgha
Nemelex Xobeh
Okawaru
Qazlal
Ru
Sif Muna
Trog
Uskayaw
Vehumet
Wu Jian
Yredelemnul
Zin
The Shining One

Shops:
D }}


Innate Abilities, Weirdness & Mutations

You are partially covered in molten scales. (AC +2)
You are slightly more attuned to the shadows.
You sometimes gain power by taking damage.


Message History

The deep troll shouts!
The deep troll closely misses you. The deep troll claws you! x2
You see here 27 gold pieces.
You see here 27 gold pieces.
There is an open door here.
The deep troll misses you. The deep troll claws you!
The deep troll barely misses you.
You see here a +2 dagger.
You swap places.
The deep troll completely misses you. The deep troll claws you.
* * * LOW HITPOINT WARNING * * *
The deep troll misses you.
There is an open door here.
You feel much better. The deep troll bites you!
You focus on the pain.
You feel very mighty all of a sudden. The deep troll claws you!
* * * LOW HITPOINT WARNING * * *
The deep troll claws you!
You die...
Fedhas appreciates your contribution to the ecosystem.

#⌠⌠#_.∩...'..._#
####_..__##_.#'#
#_____###'#.#
############.####+###
#∩........'...'$$.$$+
###++++####.).#######
###.### #.#T#.#
#..@..# #.....#
#######


You could see a deep troll.

Vanquished Creatures
  Sonja (D)
  A yak (D)
  Sigmund (D)
  An ogre (D)
  A jelly (D)
  Ijyb (D)
6 creatures vanquished.

Notes
Turn   | Place    | Note
-------+----------+-------------------------------------------
     0 | D        | Chiseanne the Demonspawn Assassin began the quest for the
                  | Orb.
     0 | D        | Reached XP level 1. HP: 16/16 MP: 1/1
     1 | D        | Noticed Ijyb
    19 | D        | Killed Ijyb
    19 | D        | Reached skill level 5 in Stealth
    19 | D        | Gained mutation: You are partially covered in molten
                  | scales. (AC +2) [demonic ancestry]
    19 | D        | Reached XP level 2. HP: 16/22 MP: 2/2
   101 | D        | Noticed an ogre
   112 | D        | Killed an ogre
   112 | D        | Reached skill level 5 in Dodging
   112 | D        | Reached skill level 6 in Stealth
   112 | D        | Gained mutation: You are slightly more attuned to the
                  | shadows. [demonic ancestry]
   112 | D        | Reached XP level 3. HP: 20/27 MP: 3/3
   112 | D        | Reached XP level 4. HP: 25/33 MP: 4/4
   184 | D        | Noticed Sigmund
   187 | D        | Killed Sigmund
   187 | D        | Reached skill level 5 in Short Blades
   187 | D        | Reached skill level 8 in Stealth
   187 | D        | Gained mutation: You sometimes gain a little power by
                  | taking damage. [demonic ancestry]
   187 | D        | Reached XP level 5. HP: 38/38 MP: 5/5
   212 | D        | Found a shimmering blue altar of Sif Muna.
   213 | D        | Found an ornate altar of the Wu Jian Council.
   214 | D        | Found a radiant altar of Vehumet.
   218 | D        | Gained mutation: You sometimes gain power by taking damage.
                  | [demonic ancestry]
   218 | D        | Reached XP level 6. HP: 44/44 MP: 6/6
   235 | D        | Found Gutaat's Gadget Emporium.
   235 | D        | Found a hazy altar of Hepliaklqana.
   235 | D        | Found a stormy altar of Qazlal.
   235 | D        | Found a hide-covered altar of Uskayaw.
   235 | D        | Found a blossoming altar of Fedhas.
   235 | D        | Found a bloodstained altar of Trog.
   235 | D        | Found an iron altar of Okawaru.
   235 | D        | Found a snail-covered altar of Cheibriados.
   235 | D        | Found a sacrificial altar of Ru.
   235 | D        | Found a glowing silver altar of Zin.
   235 | D        | Noticed a yak
   236 | D        | Found an ancient bone altar of Kikubaaqudgha.
   236 | D        | Found a basalt altar of Yredelemnul.
   236 | D        | Found a glowing golden altar of the Shining One.
   236 | D        | Found an opulent altar of Gozag.
   236 | D        | Found a shadowy altar of Dithmenos.
   236 | D        | Found a white marble altar of Elyvilon.
   237 | D        | Killed a yak
   237 | D        | Reached skill level 9 in Stealth
   238 | D        | Found a sparkling altar of Nemelex Xobeh.
   243 | D        | Became a worshipper of Fedhas Madash
   258 | D        | Noticed Sonja
   262 | D        | Killed Sonja
   262 | D        | Reached skill level 10 in Dodging
   262 | D        | Reached skill level 11 in Stealth
   262 | D        | Reached XP level 7. HP: 50/50 MP: 7/7
   317 | D        | Found Tusmeg's Gadget Boutique.
   336 | D        | Noticed a deep troll
   347 | D        | Mangled by a deep troll

Levels and vault maps discovered:
D:        dungeon_sprint_1 [red_sonja_temple_1, red_sonja_temple_small_1]

Skill      XL: |  1  2  3  4  5  6 |
---------------+-------------------+-----
Short Blades   | 2 4 5 7 |  7.4
Dodging        | 3 5 7 10 | 10.2
Stealth        | 5 6 8 11 | 11.5
Fighting       | |  2.0
Throwing       | |  1.7

Action                   |  1- 3 |  4- 6 |  7- 9 || total
-------------------------+-------+-------+-------++-------
Melee: Dagger            |    18 |     4 |       ||    22
Throw: Dart              |     7 |       |       ||     7
  Use: Potion            |       |       |     1 ||     1
 Stab: Sleeping          |       |     4 |       ||     4
Armor: Robe              |     4 |       |       ||     4
Dodge: Dodged            |     7 |       |     5 ||    12
